 Dungeon Crawl Stone Soup version 0.20.1-1-g8b1a95d (webtiles) character file.

168 Lanoc the Ducker (level 5, -4/36 HPs)
             Began as a Halfling Monk on Dec 6, 2017.
             Killed from afar by an orc wizard (8 damage)
             ... with a magic dart
             ... on level 4 of the Dungeon.
             The game lasted 00:11:37 (3132 turns).

Lanoc the Ducker (Halfling Monk)                    Turns: 3132, Time: 00:11:38

Health: -4/36      AC:  8    Str: 13    XL:     5   Next: 78%
Magic:  5/5        EV: 12    Int:  8    God:
Gold:   147        SH:  6    Dex: 17    Spells: 4/4 levels left

rFire    . . .     SeeInvis .   r - +1 hunting sling (freeze)
rCold    . . .     Gourm    .   (shield restricted)
rNeg     + . .     Faith    .   g - +0 scale mail
rPois    .         Spirit   .   (no helmet)
rElec    .         Reflect  +   (no cloak)
rCorr    .         Harm     .   d - +1 pair of gloves
MR       .....                  (no boots)
Stlth    +.........             w - +6 amulet of reflection
Regen    0.2/turn               h - ring of positive energy
MPRegen  0.1/turn               (no ring)

@: drained
A: mutation resistance 1
a: no special abilities


You were on level 4 of the Dungeon.
You were not hungry.

You visited 1 branch of the dungeon, and saw 4 of its levels.

You collected 147 gold pieces.

Inventory:

Hand Weapons
 a - a +0 falchion
 r - a +1 hunting sling of freezing (weapon)
Missiles
 f - 38 stones (quivered)
Armour
 b - a +0 robe
 d - a +1 pair of gloves (worn)
 g - a +0 scale mail (worn)
 n - a cursed +0 robe
Jewellery
 h - a ring of positive energy (left hand)
 w - a +6 amulet of reflection (around neck)
Wands
 m - a wand of clouds (7/9)
Scrolls
 q - a scroll of remove curse
Potions
 e - a potion of lignification
 i - a potion of heal wounds
 k - 3 potions of curing {unknown}
 l - 2 potions of flight {unknown}
 o - a potion of might {unknown}
 s - a potion of brilliance {unknown}
 t - a potion of agility {unknown}
Comestibles
 c - a bread ration
 j - 3 royal jellies
 p - a meat ration


   Skills:
 + Level 3.2(2.3) Fighting
 - Level 3.7(2.7) Long Blades
 * Level 2.3(1.4) Slings
 + Level 4.1(3.2) Dodging
 + Level 4.1(3.1) Stealth


You had 4 spell levels left.
You didn't know any spells.

Dungeon Overview and Level Annotations

Branches:
Dungeon (4/15)
 Temple: D:4-7

Altars:


Innate Abilities, Weirdness & Mutations

You are small and have problems with some larger weapons.
You are somewhat resistant to further mutation.


Message History

Firing (i - inventory):
f - 40 stones (quivered)
Press: ? - help, Shift-Dir - straight line, f/p - orc wizard
Aim: an orc wizard, wielding a dagger and wearing a robe (almost dead, fast)
You shoot a stone. The stone misses the orc wizard.
The stone hits the orc.
The stone freezes the orc.
You kill the orc!
The orc wizard gestures at you while chanting.
The puff of frost misses you.
Firing (i - inventory):
f - 39 stones (quivered)
Press: ? - help, Shift-Dir - straight line, f/p - orc wizard
Aim: an orc wizard, wielding a dagger and wearing a robe (almost dead, fast)
You shoot a stone.
The stone closely misses the orc wizard.
The stone hits the orc.
The stone freezes the orc.
The orc is severely wounded.
The orc wizard hits you with a dagger.
* * * LOW HITPOINT WARNING * * *
The orc wizard points at you and mumbles some strange words.
The magic dart hits you!
You die...

+... #.... .... ####
#... #?..##..#
#...#...######
#...#...o....#...#
#...#..(o@...#...#....#
#...##(.##...#...#....#
#...###(##...#...#....#
#........#...#...#....#
#(.......#...#...#....#
#:..##..##...#...#....#
#... #####...'...#....#
#..( #...##..#....#
#..( #######..####.####


You could see an orc wizard and an orc.

Vanquished Creatures
  2 worker ants
  A gnoll (D:1)
  3 adders (D:2)
  2 worms (D:2)
  2 dart slugs (D:1)
  A leopard gecko (D:3)
  11 orcs
  3 giant cockroaches
  8 hobgoblins
  8 kobolds
  8 bats
  2 frilled lizards (D:1)
  6 goblins
  6 rats
63 creatures vanquished.

Notes
Turn   | Place    | Note
-------+----------+-------------------------------------------
     0 | D:1      | Lanoc the Halfling Monk began the quest for the Orb.
     0 | D:1      | Reached XP level 1. HP: 15/15 MP: 1/1
   190 | D:1      | Reached XP level 2. HP: 20/20 MP: 2/2
   574 | D:1      | Reached XP level 3. HP: 12/25 MP: 3/3
  1234 | D:2      | Reached XP level 4. HP: 30/30 MP: 4/4
  2370 | D:3      | Reached XP level 5. HP: 36/36 MP: 5/5
  2463 | D:3      | Reached skill level 1 in Slings
  3132 | D:4      | Killed from afar by an orc wizard

Skill      XL: |  1  2  3  4  5 |
---------------+----------------+-----
Stealth        | 3 4 |  4.1
Fighting       | 3 |  3.2
Dodging        | 4 |  4.1
Slings         | 2 |  2.3
Long Blades    | |  3.7

Action                   |  1- 3 |  4- 6 || total
-------------------------+-------+-------++-------
Melee: Falchion          |   100 |    56 ||   156
 Fire: Hunting sling     |       |   102 ||   102
  Use: Scroll            |       |     6 ||     6
       Potion            |       |     1 ||     1
  Eat: Chunk             |     1 |     5 ||     6
       Royal jelly       |       |     1 ||     1
Armor: Scale mail        |    40 |    47 ||    87
       Robe              |     2 |       ||     2
Dodge: Dodged            |    49 |    72 ||   121
Block: Other             |       |     7 ||     7
       Rpst.: Falchion   |    16 |     4 ||    20
